NYP
CHICAGO (NYP) WHITE SOX @ LOWELL SPINNERS
04/02/2044
 
TOP OF THE 1ST
Chicago (NYP) White Sox batting - Pitching for Lowell Spinners : RHP Mike Schroeder
Pitching: RHP Mike Schroeder
Batting: RHB Dusty Ballard 0-0: Called Strike
0-1: Called Strike
0-2: Foul Ball, location: 2F
0-2: Strikes out swinging
Batting: LHB Ray Walden 0-0: Called Strike
0-1: Ball
1-1: Ball
2-1: Called Strike
2-2: SINGLE (Groundball, 56D, EV 104.4 MPH)
Batting: RHB Brad Boals 0-0: Ball
1-0: Ball
2-0: Called Strike
2-1: Ball
3-1: Fielders Choice at 2nd, 5-4 (Groundball, 5S, EV 90.6 MPH)
Batting: LHB Angel Tellez 0-0: Called Strike
Brad Boals is caught stealing 2nd base 2-6
Top of the 1st over - 0 runs, 1 hit, 0 errors, 0 left on base; Chicago (NYP) 0 - Lowell 0
BOTTOM OF THE 1ST
Lowell Spinners batting - Pitching for Chicago (NYP) White Sox : LHP Jerry Woods
Pitching: LHP Jerry Woods
Batting: RHB John Chiesa 0-0: Swinging Strike
0-1: Ground out 6-3 (Groundball, 6M, EV 86.9 MPH)
Batting: RHB Nick Cottrell 0-0: Ball
1-0: Swinging Strike
1-1: Ball
2-1: Foul Ball, location: 2F
2-2: Ball
3-2: Base on Balls
Batting: RHB Guillermo Quintero 0-0: Ball
1-0: Ball
2-0: Called Strike
2-1: Ball
3-1: Base on Balls
Nick Cottrell to second
Batting: RHB Joel Vazquez 0-0: SINGLE (Line Drive, 9S, EV 106.3 MPH)
Nick Cottrell to third
Guillermo Quintero to second
Runner from 3rd tries for Home, SAFE, throw by RF to home
Batting: LHB Nelis Geurts 0-0: Fielders Choice at 2nd, 5-4 (Groundball, 56, EV 97.5 MPH)
Guillermo Quintero to third
Batting: RHB Tommy Boudreaux 0-0: Swinging Strike
0-1: Ball
1-1: Ball
2-1: Ball
3-1: Swinging Strike
Passed Ball!
Guillermo Quintero scores
Nelis Geurts to second
3-2: Foul Ball, location: 2F
3-2: Ground out 6-3 (Groundball, 6, EV 89.4 MPH)
Bottom of the 1st over - 2 runs, 1 hit, 0 errors, 1 left on base; Chicago (NYP) 0 - Lowell 2
TOP OF THE 2ND
Chicago (NYP) White Sox batting - Pitching for Lowell Spinners : RHP Mike Schroeder
Batting: LHB Angel Tellez 0-0: Called Strike
0-1: Ground out 4-3 (Groundball, 4, EV 90.6 MPH)
Batting: RHB Pat Pemberton 0-0: Called Strike
0-1: Ball
1-1: Ball
2-1: Foul Ball, location: 2F
2-2: Strikes out swinging
Batting: RHB Jeremy Hoffert 0-0: Called Strike
0-1: Fly out, F8 (Flyball, 8RM, EV 79.4 MPH)
Top of the 2nd over - 0 runs, 0 hits, 0 errors, 0 left on base; Chicago (NYP) 0 - Lowell 2
BOTTOM OF THE 2ND
Lowell Spinners batting - Pitching for Chicago (NYP) White Sox : LHP Jerry Woods
Batting: LHB Danny Montoya 0-0: Ground out 4-3 (Groundball, 4, EV 89.4 MPH)
Batting: RHB Mike Strey 0-0: Ball
1-0: Called Strike
1-1: Called Strike
1-2: Ball
2-2: Ball
3-2: Fly out, F2 (Popup, 2RF, EV 83.8 MPH)
Batting: LHB Miguel Maymi 0-0: Ground out U3 (Groundball, 34S, EV 86.3 MPH)
Bottom of the 2nd over - 0 runs, 0 hits, 0 errors, 0 left on base; Chicago (NYP) 0 - Lowell 2
TOP OF THE 3RD
Chicago (NYP) White Sox batting - Pitching for Lowell Spinners : RHP Mike Schroeder
Batting: LHB Jason Bell 0-0: Called Strike
0-1: Foul Ball, location: 2F
0-2: Foul Ball, location: 2F
0-2: Fly out, F7 (Flyball, 78S, EV 70.6 MPH)
Batting: RHB Zachary Anderson 0-0: Ground out 4-3 (Groundball, 4, EV 99.4 MPH)
Batting: RHB Ricardo Ortiz 0-0: Called Strike
0-1: Ball
1-1: Ground out 6-3 (Groundball, 6S, EV 75.6 MPH)
Top of the 3rd over - 0 runs, 0 hits, 0 errors, 0 left on base; Chicago (NYP) 0 - Lowell 2
BOTTOM OF THE 3RD
Lowell Spinners batting - Pitching for Chicago (NYP) White Sox : LHP Jerry Woods
Batting: RHB John Chiesa 0-0: Swinging Strike
0-1: Ball
1-1: Swinging Strike
1-2: Foul Ball, location: 2F
1-2: Ball
2-2: Strikes out looking
Batting: RHB Nick Cottrell 0-0: Ball
1-0: Foul Ball, location: 2F
1-1: Ground out 5-3 (Groundball, 5, EV 84.4 MPH)
Batting: RHB Guillermo Quintero 0-0: Ball
1-0: Foul Ball, location: 2F
1-1: Ball
2-1: Ball
3-1: SINGLE (Line Drive, 9S, EV 106.3 MPH)
Batting: RHB Joel Vazquez 0-0: Ball
1-0: Ball
2-0: Ball
3-0: Base on Balls
Guillermo Quintero to second
Batting: LHB Nelis Geurts 0-0: Called Strike
0-1: Foul Ball, location: 2F
0-2: Ground out U3 (Groundball, 3, EV 89.4 MPH)
Bottom of the 3rd over - 0 runs, 1 hit, 0 errors, 2 left on base; Chicago (NYP) 0 - Lowell 2
TOP OF THE 4TH
Chicago (NYP) White Sox batting - Pitching for Lowell Spinners : RHP Mike Schroeder
Batting: RHB Dusty Ballard 0-0: Foul Ball, location: 2F
0-1: Ball
1-1: Fly out, F8 (Flyball, 8LM, EV 83.1 MPH)
Batting: LHB Ray Walden 0-0: Called Strike
0-1: SINGLE (Flyball, 89S, EV 92.5 MPH)
Batting: RHB Brad Boals 0-0: Called Strike
Ray Walden steals 2nd base
0-1: Ball
1-1: Called Strike
1-2: Strikes out swinging
Batting: LHB Angel Tellez 0-0: Called Strike
0-1: Foul Ball, location: 2F
0-2: Ball
1-2: Ball
2-2: Strikes out swinging
Top of the 4th over - 0 runs, 1 hit, 0 errors, 1 left on base; Chicago (NYP) 0 - Lowell 2
BOTTOM OF THE 4TH
Lowell Spinners batting - Pitching for Chicago (NYP) White Sox : LHP Jerry Woods
Batting: RHB Tommy Boudreaux 0-0: Ball
1-0: Ball
2-0: Ground out 6-3 (Groundball, 6, EV 75.6 MPH)
Batting: LHB Danny Montoya 0-0: Foul Ball, location: 2F
0-1: Foul Ball, location: 2F
0-2: Ball
1-2: Ball
2-2: Foul Ball, location: 2F
2-2: Strikes out swinging
Batting: RHB Mike Strey 0-0: Ball
1-0: Ball
2-0: Ball
3-0: Base on Balls
Batting: LHB Miguel Maymi 0-0: DOUBLE (Line Drive, 9LM, EV 105.6 MPH)
Mike Strey to third
Batting: RHB John Chiesa 0-0: Called Strike
0-1: Foul Ball, location: 2F
0-2: Strikes out looking
Bottom of the 4th over - 0 runs, 1 hit, 0 errors, 2 left on base; Chicago (NYP) 0 - Lowell 2
TOP OF THE 5TH
Chicago (NYP) White Sox batting - Pitching for Lowell Spinners : RHP Mike Schroeder
Batting: RHB Pat Pemberton 0-0: Ball
1-0: Swinging Strike
1-1: Swinging Strike
1-2: Strikes out looking
Batting: RHB Jeremy Hoffert 0-0: Called Strike
0-1: Ground out 5-3 (Groundball, 56S, EV 81.3 MPH)
Batting: LHB Jason Bell 0-0: Called Strike
0-1: Ground out 4-3 (Groundball, 4, EV 75.6 MPH)
Top of the 5th over - 0 runs, 0 hits, 0 errors, 0 left on base; Chicago (NYP) 0 - Lowell 2
BOTTOM OF THE 5TH
Lowell Spinners batting - Pitching for Chicago (NYP) White Sox : LHP Jerry Woods
Batting: RHB Nick Cottrell 0-0: Swinging Strike
0-1: Foul Ball, location: 2F
0-2: Ball
1-2: Strikes out swinging
Batting: RHB Guillermo Quintero 0-0: Called Strike
0-1: Swinging Strike
0-2: Ball
1-2: Hit by Pitch
Batting: RHB Joel Vazquez 0-0: Called Strike
0-1: Fielders Choice at 2nd, 4-6 (Groundball, 4, EV 90.6 MPH)
Batting: LHB Nelis Geurts 0-0: Swinging Strike
0-1: Fly out, F5 (Flyball, 5D, EV 86.9 MPH)
Bottom of the 5th over - 0 runs, 0 hits, 0 errors, 1 left on base; Chicago (NYP) 0 - Lowell 2
TOP OF THE 6TH
Chicago (NYP) White Sox batting - Pitching for Lowell Spinners : RHP Mike Schroeder
Batting: RHB Zachary Anderson 0-0: Ball
1-0: Ball
2-0: Reached on error, E3 (Groundball, 34, EV 103.1 MPH)
Batting: RHB Ricardo Ortiz 0-0: Ball
1-0: Ball
2-0: Called Strike
2-1: Ball
3-1: Foul Ball, location: 2F
3-2: Fly out, F6 (Popup, 6M, EV 73.8 MPH)
Batting: RHB Dusty Ballard 0-0: Ball
1-0: Foul Ball, location: 2F
1-1: SINGLE (Flyball, 6MD, EV 84.4 MPH)
Zachary Anderson to third
Batting: LHB Ray Walden 0-0: Ball
1-0: Called Strike
1-1: Ball
2-1: Ball
Dusty Ballard steals 2nd base
3-1: Foul Ball, location: 2F
3-2: Strikes out swinging
Batting: RHB Brad Boals 0-0: Ball
1-0: Foul Ball, location: 2F
1-1: Foul Ball, location: 2F
1-2: Ball
2-2: Ball
3-2: Ground out 4-3 (Groundball, 34D, EV 98.1 MPH)
Top of the 6th over - 0 runs, 1 hit, 1 error, 2 left on base; Chicago (NYP) 0 - Lowell 2
BOTTOM OF THE 6TH
Lowell Spinners batting - Pitching for Chicago (NYP) White Sox : LHP Jerry Woods
Batting: RHB Tommy Boudreaux 0-0: Ball
1-0: TRIPLE (Line Drive, 9D, EV 106.3 MPH)
Batting: LHB Danny Montoya 0-0: Called Strike
0-1: DOUBLE (Line Drive, 78D, EV 106.3 MPH)
Tommy Boudreaux scores
Batting: RHB Mike Strey 0-0: Intentional Walk
Batting: LHB Miguel Maymi 0-0: Ball
1-0: Ball
2-0: Called Strike
2-1: Ball
3-1: Foul Ball, location: 2F
3-2: Strikes out swinging
Pitching: LHP Nick Egner
Batting: RHB John Chiesa 0-0: SINGLE (Groundball, 56D, EV 99.4 MPH)
Danny Montoya to third
Mike Strey to second
Batting: RHB Nick Cottrell 0-0: Called Strike
0-1: Ball
Wild Pitch!
Danny Montoya scores
Mike Strey to third
John Chiesa to second
1-1: Ball
2-1: Ball
3-1: Base on Balls
Batting: RHB Guillermo Quintero 0-0: Called Strike
0-1: Ball
1-1: Grounds into double play, 4-6-3 (Groundball, 4, EV 102.5 MPH)
Bottom of the 6th over - 2 runs, 3 hits, 0 errors, 2 left on base; Chicago (NYP) 0 - Lowell 4
TOP OF THE 7TH
Chicago (NYP) White Sox batting - Pitching for Lowell Spinners : RHP Mike Schroeder
Batting: LHB Angel Tellez 0-0: SINGLE (Flyball, 8RS, EV 90.0 MPH)
Batting: RHB Pat Pemberton 0-0: Ball
1-0: Foul Ball, location: 2F
1-1: Ball
2-1: Foul Ball, location: 2F
2-2: Ball
3-2: Foul Ball, location: 2F
3-2: Fly out, F8 (Flyball, 8RXD, EV 95.0 MPH)
Pitching: LHP Bryan Schaffer
Batting: RHB Jeremy Hoffert 0-0: Ball
Wild Pitch!
Angel Tellez to second
1-0: Fly out, F7 (Flyball, 78M, EV 86.3 MPH)
Pitching: RHP Ricardo Bautista
Batting: LHB Jason Bell 0-0: Ball
1-0: Ball
2-0: Ball
3-0: Base on Balls
Batting: RHB Zachary Anderson 0-0: Ball
1-0: Ball
2-0: Foul Ball, location: 2F
2-1: Ball
3-1: Base on Balls
Angel Tellez to third
Jason Bell to second
Pinch Hitting: LHB Wes Goscinski 0-0: Ball
1-0: Called Strike
1-1: Ball
2-1: Foul Ball, location: 2F
2-2: Ball
3-2: Base on Balls
Angel Tellez scores
Jason Bell to third
Zachary Anderson to second
Batting: RHB Dusty Ballard 0-0: Ball
1-0: Foul Ball, location: 2F
1-1: Ball
2-1: Swinging Strike
2-2: Ball
Wild Pitch!
Jason Bell scores
Zachary Anderson to third
Wes Goscinski to second
3-2: Strikes out swinging
Top of the 7th over - 2 runs, 1 hit, 0 errors, 2 left on base; Chicago (NYP) 2 - Lowell 4
BOTTOM OF THE 7TH
Lowell Spinners batting - Pitching for Chicago (NYP) White Sox : LHP Nick Egner
Now at SS: Sal Chavira
Batting: RHB Joel Vazquez 0-0: Ball
1-0: Ball
2-0: Ball
3-0: Called Strike
3-1: Foul Ball, location: 2F
3-2: Foul Ball, location: 2F
3-2: Base on Balls
Batting: LHB Nelis Geurts 0-0: Called Strike
0-1: Ball
1-1: Foul Ball, location: 2F
1-2: Ball
2-2: Ball
3-2: Strikes out swinging
Batting: RHB Tommy Boudreaux 0-0: Called Strike
0-1: Ball
1-1: Ball
2-1: Foul Ball, location: 2F
2-2: Foul Ball, location: 2F
2-2: Strikes out looking
Batting: LHB Danny Montoya 0-0: Fly out, F7 (Line Drive, 7, EV 94.4 MPH)
Bottom of the 7th over - 0 runs, 0 hits, 0 errors, 1 left on base; Chicago (NYP) 2 - Lowell 4
TOP OF THE 8TH
Chicago (NYP) White Sox batting - Pitching for Lowell Spinners : RHP Ricardo Bautista
Batting: LHB Ray Walden 0-0: Ball
1-0: Called Strike
1-1: Ball
2-1: Foul Ball, location: 2F
2-2: Foul Ball, location: 2F
2-2: Strikes out swinging
Batting: RHB Brad Boals 0-0: Called Strike
0-1: Foul Ball, location: 2F
0-2: Strikes out swinging
Batting: LHB Angel Tellez 0-0: Ball
1-0: Called Strike
1-1: Foul Ball, location: 2F
1-2: Strikes out swinging
Top of the 8th over - 0 runs, 0 hits, 0 errors, 0 left on base; Chicago (NYP) 2 - Lowell 4
BOTTOM OF THE 8TH
Lowell Spinners batting - Pitching for Chicago (NYP) White Sox : LHP Nick Egner
Batting: RHB Mike Strey 0-0: Ball
1-0: Called Strike
1-1: Called Strike
1-2: Ball
2-2: Ball
3-2: Strikes out swinging
Batting: LHB Miguel Maymi 0-0: Ball
1-0: Ground out 6-3 (Groundball, 56, EV 86.9 MPH)
Batting: RHB John Chiesa 0-0: Ball
1-0: Called Strike
1-1: Ball
2-1: Called Strike
2-2: Ground out 6-3 (Groundball, 6, EV 92.5 MPH)
Bottom of the 8th over - 0 runs, 0 hits, 0 errors, 0 left on base; Chicago (NYP) 2 - Lowell 4
TOP OF THE 9TH
Chicago (NYP) White Sox batting - Pitching for Lowell Spinners : RHP Ricardo Bautista
Pitching: RHP Juan Mejia
Batting: RHB Pat Pemberton 0-0: Ball
1-0: Ground out 5-3 (Groundball, 56, EV 104.4 MPH)
Batting: RHB Jeremy Hoffert 0-0: Ball
1-0: Foul Ball, location: 2F
1-1: Called Strike
1-2: Ball
2-2: Strikes out swinging
Batting: LHB Jason Bell 0-0: SINGLE (Flyball, 4D, EV 93.1 MPH)
Batting: RHB Zachary Anderson 0-0: Ball
1-0: Swinging Strike
1-1: Foul Ball, location: 2F
1-2: Ball
2-2: Ball
3-2: Base on Balls
Jason Bell to second
Pinch Runner at 2nd Jason Bresnahan:
Pinch Hitting: LHB Brandon Hopper 0-0: Ball
1-0: Ball
2-0: Ball
3-0: Called Strike
3-1: Base on Balls
Jason Bresnahan to third
Zachary Anderson to second
Pitching: LHP Joe Starcher
Batting: RHB Dusty Ballard 0-0: Called Strike
0-1: Ball
1-1: DOUBLE (Line Drive, 7LS, EV 105.0 MPH)
Jason Bresnahan scores
Zachary Anderson scores
Brandon Hopper to third
Pinch Hitting: RHB Justin Usner 0-0: Ball
1-0: Foul Ball, location: 2F
1-1: Swinging Strike
1-2: SINGLE (Line Drive, 4D, EV 101.9 MPH)
Brandon Hopper scores
Dusty Ballard to third
Runner from 3rd tries for Home, SAFE, throw by CF to home
Batting: RHB Brad Boals 0-0: Ball
Justin Usner is caught stealing 2nd base 2-4
Top of the 9th over - 4 runs, 3 hits, 0 errors, 0 left on base; Chicago (NYP) 6 - Lowell 4
BOTTOM OF THE 9TH
Lowell Spinners batting - Pitching for Chicago (NYP) White Sox : LHP Nick Egner
Pitching: RHP John Childress
Now at C: Emilio Macareno
Now at 1B: Osvaldo Corunha
Now at SS: Jason Bresnahan
Now in LF: Emil Wilbrink
Now in RF: Angel Tellez
Batting: RHB Nick Cottrell 0-0: Ball
1-0: Called Strike
1-1: Ball
2-1: Foul Ball, location: 2F
2-2: Strikes out looking
Batting: RHB Guillermo Quintero 0-0: Called Strike
0-1: Ball
1-1: Ball
2-1: Foul Ball, location: 2F
2-2: Strikes out swinging
Pinch Hitting: LHB Masumi Abe 0-0: Fly out, F8 (Flyball, 8LM, EV 90.0 MPH)
Bottom of the 9th over - 0 runs, 0 hits, 0 errors, 0 left on base; Chicago (NYP) 6 - Lowell 4
Thursday, March 31st , 2022 - OOTP Baseball 22.12 Build 89